 Dungeon Crawl Stone Soup version 0.23.2-40-g277498a (webtiles) character file.

Game seed: 10685943833110741544

14063 HyperFailBot the Grappler (level 11, -1/111 HPs)
             Began as a Troll Abyssal Knight on Oct 9, 2019.
             Was a High Priest of Lugonu.
             Shot with an arrow by a centaur (15 damage)
             ... on level 2 of the Orcish Mines.
             The game lasted 00:29:24 (12824 turns).

HyperFailBot the Grappler (Troll Abyssal Knight)   Turns: 12824, Time: 00:29:24

Health: -1/111     AC:  7    Str: 25    XL:     11   Next: 83%
Magic:  25/25      EV: 10    Int:  8    God:    Lugonu [*****.]
Gold:   1583       SH:  0    Dex:  9    Spells: 10/10 levels left

rFire    . . .     SeeInvis .     - Unarmed
rCold    . . .     Gourm    +   (no shield)
rNeg     . . .     Faith    .   a - +0 robe
rPois    .         Spirit   .   (helmet restricted)
rElec    .         Reflect  .   x - +0 cloak
rCorr    .         Harm     .   (gloves unavailable)
MR       .....                  (boots unavailable)
Stlth    +.........             (no amulet)
HPRegen  0.68/turn              W - ring of magical power
MPRegen  0.19/turn              (no ring)

@: very slightly contaminated, hasted and slowed, lightly drained
A: large, unfitting armour, claws 3, fast metabolism 3, gourmand, regeneration
1, shaggy fur 1, tough skin 3
a: Depart the Abyss, Bend Space, Banish, Corrupt, Enter the Abyss, Renounce
Religion


You were on level 2 of the Orcish Mines.
You worshipped Lugonu.
Lugonu was extremely pleased with you.
You were not hungry.

You visited 2 branches of the dungeon, and saw 13 of its levels.
You visited the Abyss 1 time.
You also visited: Ossuary.

You collected 1595 gold pieces.
You spent 12 gold pieces at shops.


Innate Abilities, Weirdness & Mutations

You are too large for most types of armour.
You have claws for hands.
Your metabolism is lightning-fast.
You like to eat raw meat.
Your natural rate of healing is unusually fast.
You are covered in fur. (AC +1)
You have extremely tough skin. (AC +3)


   Skills:
 + Level 8.3(7.8) Fighting
 - Level 1.9(1.5) Dodging
 * Level 13.8(13.2) Unarmed Combat
 + Level 8.7(8.2) Invocations


You had 10 spell levels left.
You didn't know any spells.
Your spell library contained the following spells:

 Spells                   Type           Power        Failure   Level  Hunger
 Animate Skeleton         Necr           N/A          41%         1    ##.....
 Beastly Appendage        Tmut           #.....       41%         1    ##.....
 Pain                     Necr           #...         41%         1    ##.....
 Sting                    Conj/Pois      #...         41%         1    ##.....
 Poisonous Vapours        Pois/Air       #.....       54%         2    ###....
 Sticks to Snakes         Tmut           #.......     54%         2    ###....
 Mephitic Cloud           Conj/Pois/Air  #.......     78%         3    ####...
 Regeneration             Chrm/Necr      #.........   78%         3    ####...
 Spider Form              Tmut/Pois      #.........   78%         3    ####...
 Vampiric Draining        Necr           #.........   78%         3    ####...
 Animate Dead             Necr           N/A          99%         4    #####..
 Ice Form                 Ice/Tmut       #.......     99%         4    #####..
 Olgreb's Toxic Radiance  Pois           #.......     99%         4    #####..
 Blade Hands              Tmut           #.........   100%        5    ######.
 Venom Bolt               Conj/Pois      #.........   100%        5    ######.
 Haunt                    Necr/Summ      #.........   100%        7    #######
 Borgnjor's Revivificati  Necr           #.........   100%        8    #######
 Death's Door             Chrm/Necr      #.........   100%        8    #######
 Infestation              Necr           #.........   100%        8    #######
 Necromutation            Tmut/Necr      #.........   100%        8    #######

Inventory:

Missiles
 w - 6 javelins (quivered)
Armour
 a - a +0 robe (worn)
 x - a +0 cloak (worn)
Jewellery
 H - an uncursed ring of resist corrosion {unknown}
 W - a ring of magical power (left claw)
Wands
 n - a wand of disintegration (9)
 r - a wand of enslavement (6)
 y - a wand of polymorph (7)
 E - a wand of iceblast (4)
Scrolls
 d - 3 scrolls of enchant weapon
 e - a scroll of blinking
 g - 3 scrolls of immolation {!r}
 h - a scroll of fear
 j - 4 scrolls of teleportation {@r4}
 k - 8 scrolls of remove curse {@r2}
 m - 2 scrolls of amnesia
 q - 2 scrolls of magic mapping
 s - a scroll of fog
 t - 2 scrolls of torment {!r}
 C - 3 scrolls of identify {@r1}
 F - a scroll of holy word {unknown}
 G - a scroll of noise {unknown}
 I - a scroll of acquirement {unknown}
 J - a scroll of summoning {unknown}
Potions
 c - 3 potions of mutation {!q}
 f - 2 potions of ambrosia
 i - a potion of might
 l - 2 potions of cancellation
 p - 4 potions of curing {@q1}
 u - a potion of berserk rage {unknown}
 v - a potion of flight
 A - 3 potions of lignification {!q}
 B - a potion of agility
 D - a potion of resistance
Comestibles
 b - 18 rations {@e1}

Dungeon Overview and Level Annotations

Branches:
Dungeon (11/15)               Orc (2/2) D:10            Elf (0/3) Orc:2
 Temple: D:4-7         Lair: D:8-11

Altars:
Ashenzari
Cheibriados
Hepliaklqana
Okawaru
Ru
Sif Muna
Uskayaw
Xom
The Shining One
Beogh

Shops:
D:10 [}?:

Annotations:
D:9 3 runed translucent doors, wallyj24's ghost, novice MiFi
Orc:1 1 exclusion
Orc:2 3 runed translucent doors, Josephine; Woodford's ghost, journeyman SpEn

# #............+.....[.#....[[
##.......#...+..#.#$.#......
#.)..##.#....#o..#...#).....
##(###...)...#WOW....#......
##(## ##(##...#########(.....
#[..#######).................
##..##^##.#((.##.###..(.......
#...#.....((..................
##..##...(..(@................
##....#...)(.##(.##..##...###..
##.....#.(...##.(..c.....≈≈#
#≈≈
#............#..........≈≈≈#
#≈≈
#.....................≈≈≈≈##
##≈ ##....#..(...#......≈≈≈≈###
#...........o#@W...≈≈≈≈####
#..........W....c..........
#...........cWo...........o


You could see 2 centaurs.


Message History

Josephine hits you with a +0 dagger.
* * * LOW HITPOINT WARNING * * *
You barely miss Josephine.
Josephine is severely wounded.
The wraith hits you!
* * * LOW HITPOINT WARNING * * *
The wraith hits you but does no damage. The wraith hits you.
* * * LOW HITPOINT WARNING * * *
Josephine hits you with a +0 dagger!
* * * LOW HITPOINT WARNING * * *
The orc hits you but does no damage.
Blink to where?
Press: ? - help, Dir - move target cursor, p - Josephine You are very lightly contaminated with residual magic.
As you read the scroll of blinking, it crumbles to dust.
A centaur comes into view.
The ogre shouts!
You hear a shout!
The centaur wields a cursed +0 shortbow.
The centaur shoots an arrow.
The arrow hits you.
* * * LOW HITPOINT WARNING * * *
The centaur wields a +0 shortbow.
The centaur shoots an arrow.
The arrow closely misses you.
The orc warrior shoots a bolt.
The bolt hits you.
* * * LOW HITPOINT WARNING * * *
The centaur shoots an arrow.
The arrow hits you.
* * * LOW HITPOINT WARNING * * *
You see here an arrow.
Unknown command.
The centaur shoots an arrow.
The arrow barely misses you.
The centaur shoots an arrow.
The arrow hits you!
You die...

Skill      XL: |  1  2  3  4  5  6  7  8  9 10 11 |
---------------+----------------------------------+-----
Unarmed Combat | 3 4 5 6 7 9 10 12 13 | 13.8
Invocations    | 2 3 4 6 7 8 |  8.7
Fighting       | 3 4 5 6 7 8 |  8.3
Dodging        | |  1.9

Action                   |  1- 3 |  4- 6 |  7- 9 | 10-12 || total
-------------------------+-------+-------+-------+-------++-------
Melee: Unarmed           |   105 |   177 |   305 |   432 ||  1019
       Punch             |       |     2 |    16 |    22 ||    40
Invok: Banish            |       |       |       |     9 ||     9
Evoke: Wand              |       |       |       |     3 ||     3
  Use: Scroll            |       |    12 |    11 |     1 ||    24
       Potion            |       |       |     2 |     6 ||     8
 Stab: Sleeping          |     1 |       |       |       ||     1
  Eat: Chunk             |     4 |    28 |    36 |    49 ||   117
       Ration            |       |     1 |       |       ||     1
Armor: Robe              |    52 |    35 |   111 |   115 ||   313
Dodge: Dodged            |    70 |    63 |   132 |   177 ||   442

Levels and vault maps discovered:
D:1:      dpeg_arrival_prison, layout_rooms
D:2:      layout_loops_cross, gammafunk_temple_overflow_elements,
          hangedman_ru_absence, uniq_natasha
D:3:      layout_loops_corners, minmay_misc_feat_diagonals
D:4:      layout_layer_cave, lemuel_coloured_pillars_altar, first_ration,
          uniq_robin, uniq_menkaure
D:5:      layout_rooms, lemuel_crystal_altar, basic_altar,
          kennysheep_generic_room_3, uniq_crazy_yiuf_cottage
D:6:      layout_loops_cross, lemuel_round_altar,
          minmay_temple_entry_from_below_b, enter_ossuary_5,
          chequers_serial_rivers_large_a, hangedman_minor_gate_pass
D:7:      layout_rooms, kennysheep_little_box, gammafunk_ghost_cemetery,
          chequers_arboretum
D:8:      layout_basic, old_standard_altar, uniq_erica
D:9:      layout_basic, slow_altar_2, ebering_ghost_rock_garden
D:10:     layout_rooms, david_orc_2, serial_shops,
          nicolae_shop_competitors_out_of_business, nicolae_shop_statue_plus,
          kennysheep_mini, nicolae_shop_waterfront
D:11:     layout_rooms, lair_entry_dummy, special_room [special_room_orc],
          grunt_tengu_nest, uniq_urug, uniq_gastronok
Orc:1:    nicolae_orc_accident_3, layout_caves, basic_altar,
          guppyfry_library_mini
Orc:2:    st_orc_rangers, layout_caves, basic_altar, gammafunk_ghost_split,
          mines4_lemuel, uniq_nessos, uniq_josephine
Abyss:1:  hangedman_abyss_monster_moat, serial_sigils_hangedman_shear
Ossuary:  ossuary_due_small_catacomb

Notes
Turn   | Place    | Note
-------+----------+-------------------------------------------
     0 | Abyss:1  | HyperFailBot the Troll Abyssal Knight began the quest for
                  | the Orb.
     0 | Abyss:1  | Reached XP level 1. HP: 22/22 MP: 1/1
    10 | D:1      | Escaped the Abyss
    85 | D:1      | Reached XP level 2. HP: 29/29 MP: 2/2
   162 | D:1      | Reached skill level 3 in Unarmed Combat
   266 | D:1      | Reached ** piety under Lugonu
   304 | D:1      | Reached XP level 3. HP: 36/36 MP: 3/3
   690 | D:2      | Reached skill level 2 in Invocations
   699 | D:2      | Found a sacrificial altar of Ru.
   766 | D:2      | Noticed Natasha
   774 | D:2      | Killed Natasha
   774 | D:2      | Reached skill level 4 in Unarmed Combat
   774 | D:2      | Reached XP level 4. HP: 41/44 MP: 4/4
  1167 | D:2      | Found an iron altar of Okawaru.
  1167 | D:2      | Found a glowing golden altar of the Shining One.
  1208 | D:2      | Noticed Natasha
  1251 | D:2      | Killed Natasha
  1260 | D:2      | Noticed Natasha
  1266 | D:2      | Killed Natasha
  1266 | D:2      | Reached skill level 5 in Unarmed Combat
  1266 | D:2      | Reached XP level 5. HP: 46/50 MP: 5/5
  1606 | D:3      | Reached *** piety under Lugonu
  2347 | D:4      | Reached XP level 6. HP: 59/59 MP: 6/6
  2373 | D:4      | Reached skill level 6 in Unarmed Combat
  2409 | D:4      | Found a hide-covered altar of Uskayaw.
  2504 | D:4      | Reached skill level 3 in Fighting
  2651 | D:4      | Noticed Menkaure
  2670 | D:4      | HP: 1/61 [Menkaure (18)]
  2671 | D:4      | Killed Menkaure
  3003 | D:4      | Noticed Robin
  3026 | D:4      | Killed Robin
  3251 | D:5      | Entered Level 5 of the Dungeon
  3251 | D:5      | Noticed a sky beast
  3260 | D:5      | Killed a sky beast
  3260 | D:5      | Reached XP level 7. HP: 55/67 MP: 6/8
  3329 | D:5      | Reached skill level 3 in Invocations
  3346 | D:5      | Reached skill level 7 in Unarmed Combat
  3385 | D:5      | Reached **** piety under Lugonu
  3408 | D:5      | Found a deep blue altar of Sif Muna.
  3436 | D:5      | Found a shattered altar of Ashenzari.
  3604 | D:5      | Found a runed translucent door.
  3605 | D:5      | Noticed Crazy Yiuf
  3675 | D:5      | You fall through a shaft!
  3710 | D:6      | Reached skill level 4 in Fighting
  3710 | D:6      | Reached XP level 8. HP: 65/78 MP: 9/9
  3755 | D:6      | Found a shimmering altar of Xom.
  3784 | D:6      | Reached skill level 8 in Unarmed Combat
  3849 | D:6      | Reached skill level 4 in Invocations
  3940 | D:6      | Found a sand-covered staircase.
  3946 | Ossuary  | Entered an ossuary
  4388 | D:6      | Reached ***** piety under Lugonu
  4495 | D:5      | Reached skill level 9 in Unarmed Combat
  4653 | D:6      | Reached skill level 5 in Fighting
  4670 | D:6      | Reached XP level 9. HP: 70/88 MP: 11/11
  4854 | D:7      | Reached skill level 5 in Invocations
  5563 | D:5      | Killed Crazy Yiuf
  5749 | D:7      | Found a hazy altar of Hepliaklqana.
  5921 | D:8      | Found a shattered altar of Ashenzari.
  6038 | D:8      | Identified a potion of resistance
  6082 | D:8      | Reached skill level 10 in Unarmed Combat
  6141 | D:8      | Noticed Erica
  6149 | D:8      | Killed Erica
  6341 | D:8      | Reached skill level 6 in Invocations
  6624 | D:9      | Reached skill level 6 in Fighting
  6684 | D:9      | Found a runed translucent gate.
  6684 | D:9      | Found a runed translucent gate.
  6684 | D:9      | Found a runed translucent gate.
  6684 | D:9      | Noticed wallyj24's ghost (novice MiFi)
  7090 | D:10     | Entered Level 10 of the Dungeon
  7090 | D:10     | Found Pystell's Gadget Shop.
  7177 | D:10     | Found Utti's Magic Scroll Emporium.
  7197 | D:10     | Noticed a kobold demonologist
  7198 | D:10     | Found Afapah's Book Emporium.
  7231 | D:10     | Reached XP level 10. HP: 75/98 MP: 13/13
  7246 | D:10     | Reached skill level 11 in Unarmed Combat
  7333 | D:10     | Found a staircase to the Orcish Mines.
  7371 | D:10     | Bought a scroll of random uselessness for 12 gold pieces
  7855 | D:9      | Found a snail-covered altar of Cheibriados.
  8336 | Orc:1    | Entered Level 1 of the Orcish Mines
  8460 | Orc:1    | Found a roughly hewn altar of Beogh.
  8736 | Orc:1    | Reached skill level 7 in Invocations
  8830 | Orc:1    | Noticed a cyclops
  9118 | D:10     | Killed an unseen horror
  9118 | D:10     | Reached skill level 7 in Fighting
  9118 | D:10     | Reached skill level 12 in Unarmed Combat
  9305 | D:10     | Found Janib's Antique Armour Emporium.
  9390 | Orc:1    | Killed a cyclops
  9582 | Orc:1    | Noticed an orc knight
  9984 | D:10     | Reached ****** piety under Lugonu
 10060 | D:10     | Killed an orc knight
 10060 | D:10     | Reached XP level 11. HP: 78/109 MP: 15/15
 10200 | Orc:1    | Noticed a wolf spider
 10569 | Orc:2    | Entered Level 2 of the Orcish Mines
 10656 | Orc:2    | Noticed an ogre mage
 10672 | Orc:2    | Killed an ogre mage
 10751 | Orc:2    | Noticed an orc sorcerer
 10864 | Orc:2    | Paralysed by an orc sorcerer for 5 turns
 10869 | Orc:2    | Noticed an orc knight
 10870 | Orc:2    | Killed an orc sorcerer
 11068 | Orc:1    | Banished an orc knight
 11068 | Orc:1    | Reached skill level 13 in Unarmed Combat
 11068 | Orc:1    | Reached skill level 8 in Invocations
 11286 | Orc:2    | Found a runed translucent gate.
 11289 | Orc:2    | Found a runed translucent gate.
 11290 | Orc:2    | Found a runed translucent gate.
 11292 | Orc:2    | Noticed Woodford's ghost (journeyman SpEn)
 11294 | Orc:2    | Noticed an orc sorcerer
 11336 | Orc:2    | Noticed a centaur warrior
 11359 | Orc:2    | Banished a centaur warrior
 11362 | Orc:2    | HP: 9/111 [centaur/arrow (16)]
 11363 | Orc:2    | HP: 3/111 [centaur/arrow (6)]
 11368 | Orc:2    | HP: 2/111 [centaur (6)]
 11374 | Orc:2    | HP: 6/111 [centaur/arrow (8)]
 11379 | Orc:2    | HP: 8/111 [centaur (3)]
 11623 | Orc:2    | Noticed an orc knight
 11625 | Orc:2    | Banished an orc knight
 11944 | Orc:2    | Reached skill level 8 in Fighting
 11968 | Orc:2    | Noticed Nessos
 11970 | Orc:2    | Noticed Nessos
 11970 | Orc:2    | Nessos changed into Nessos the floating eye
 11971 | Orc:2    | Killed Nessos the floating eye
 12062 | Orc:2    | Noticed an orc knight
 12157 | Orc:2    | Banished an orc knight
 12440 | Orc:2    | Found a roughly hewn altar of Beogh.
 12444 | Orc:2    | Noticed an orc knight
 12583 | Orc:2    | Noticed an orc knight
 12585 | Orc:2    | Banished an orc knight
 12649 | Orc:2    | Banished an orc knight
 12748 | Orc:2    | Found a staircase to the Elven Halls.
 12805 | Orc:2    | Identified a +2 robe of the Archmagi
 12805 | Orc:2    | Noticed Josephine
 12824 | Orc:2    | Shot with an arrow by a centaur

Vanquished Creatures
  Erica (D:8)
  An ogre mage (Orc:2)
  An unseen horror (D:10)
  An orc knight (D:10)
  A cyclops (Orc:1)
  An orc sorcerer (Orc:2)
  A kobold demonologist (D:10)
  A troll (D:10)
  3 hippogriffs
  Menkaure (D:4)
  4 wargs
  A floating eye (Orc:2)
  23 orc warriors
  3 sky beasts
  A phantom (D:10)
  2 ice beasts
  17 ogres
  10 centaurs
  A big kobold (D:10)
  5 bullfrogs
  3 scorpions
  7 wights
  2 howler monkeys (D:7)
  2 crimson imps (D:10)
  A bullfrog zombie (D:5)
  A quasit (D:10)
  A hound (D:11)
  Crazy Yiuf (D:5)
  A jelly (D:10)
  7 orc priests
  3 bullfrog skeletons
  An iguana (D:4)
  15 orc wizards
  Natasha (thrice) (D:2)
  11 worker ants
  A hound zombie (D:5)
  13 mummies
  Robin (D:4)
  2 worker ant zombies
  A howler monkey zombie (D:10)
  10 adders
  4 gnolls (D:3)
  A shadow imp (D:9)
  An ooze (D:1)
  2 adder skeletons
  3 worms
  A dart slug (D:3)
  4 leopard geckos
  55 orcs
  2 ball pythons
  8 giant cockroaches
  18 goblins
  9 hobgoblins
  16 jackals
  14 kobolds
  6 quokkas
  4 bats (D:1)
  4 frilled lizards
  2 gnoll skeletons (Ossuary)
  2 goblin skeletons (Ossuary)
  2 jackal skeletons
  2 kobold skeletons (Ossuary)
  2 orc skeletons (Ossuary)
  A quokka skeleton (D:5)
  10 rats
  11 rat skeletons (Ossuary)
350 creatures vanquished.

Vanquished Creatures (others)
  A centaur warrior (Orc:2)
  5 orc knights
6 creatures vanquished.

Grand Total: 356 creatures vanquished

Table legend:
 A = Turns spent in this place as a percentage of turns spent in the entire game.
 B = Non-inter-level travel turns spent in this place as a percentage of non-inter-level travel turns spent in the entire game.
 C = Inter-level travel turns spent in this place as a percentage of turns spent in this place.
 D = Turns resting spent in this place as a percentage of non-inter-level travel turns spent in this place.
 E = Turns spent auto-exploring this place as a percentage of non-inter-level travel turns spent in this place.
 F = Non-inter-level travel turns spent in this place divided by the number of levels of this place that you've seen.
                   A       B       C       D       E      F
               +-------+-------+-------+-------+-------+----------------------
         Total | 100.0 | 100.0 |   5.4 |  22.9 |  50.8 | 808.6
       Dungeon |  71.5 |  70.0 |   7.5 |  16.3 |  61.8 | 771.5
  Orcish Mines |  26.0 |  27.4 |   0.3 |  41.9 |  23.1 | 1663.0
         Abyss |   0.1 |   0.1 |   0.0 |   0.0 |   0.0 |  10.0
       Ossuary |   2.4 |   2.5 |   0.0 |   0.0 |  48.7 | 306.0
               +-------+-------+-------+-------+-------+----------------------

Table legend:
 A = Non-vault XP
 B = Vault XP
 C = Vault XP percentage of total XP
 D = Non-vault monster count
 E = Vault monster count
 F = Vault count percentage of total count
                 A         B        C        D         E       F
            +---------+---------+-------+---------+---------+-------
      Total |   11003 |    9087 |  45.2 |     240 |     115 |  32.4
            +---------+---------+-------+---------+---------+-------
        D:1 |      46 |       6 |  11.5 |      26 |       4 |  13.3
        D:2 |     141 |      35 |  19.9 |      26 |       1 |   3.7
        D:3 |     135 |       0 |   0.0 |      25 |       0 |   0.0
        D:4 |     155 |     205 |  56.9 |      13 |      11 |  45.8
        D:5 |     468 |     225 |  32.5 |      15 |       3 |  16.7
        D:6 |    1043 |     305 |  22.6 |      29 |       5 |  14.7
        D:7 |     536 |       0 |   0.0 |       7 |       0 |   0.0
        D:8 |     370 |     960 |  72.2 |       9 |       1 |  10.0
        D:9 |     721 |      18 |   2.4 |      10 |       1 |   9.1
       D:10 |    3115 |     660 |  17.5 |      32 |       7 |  17.9
       D:11 |     202 |       0 |   0.0 |       3 |       0 |   0.0
      Orc:1 |    2431 |     748 |  23.5 |      29 |      16 |  35.6
      Orc:2 |    1640 |    5695 |  77.6 |      16 |      36 |  69.2
    Ossuary |       0 |     230 | 100.0 |       0 |      30 | 100.0
            +---------+---------+-------+---------+---------+-------
